 Dungeon Crawl Stone Soup version 0.28.0 (webtiles) character file.

Game seed: 919748043244958974

109 themarg the Conjurer (level 4, -1/33 HPs)
             Began as a Draconian Conjurer on Feb 5, 2022.
             Was a Believer of Wu Jian.
             Killed from afar by an orc wizard (6 damage)
             ... with a magic dart
             ... on level 2 of the Dungeon.
             The game lasted 00:19:45 (3273 turns).

themarg the Conjurer (Draconian Conjurer)           Turns: 3273, Time: 00:19:45

Health: -1/33      AC:  5    Str: 10    XL:     4   Next: 60%
Magic:  8/8        EV: 12    Int: 20    God:    Wu Jian [**....]
Gold:   47         SH:  0    Dex:  9    Spells: 3/9 levels left

rFire   . . .      SeeInvis .   a - +0 short sword (speed)
rCold   . . .      Faith    .   (no shield)
rNeg    . . .      Spirit   .   (armour unavailable)
rPois   .          Reflect  .   (helmet restricted)
rElec   .          Harm     .   (no cloak)
rCorr   .          Rampage  .   (no gloves)
Will    .....                   (no boots)
Stlth   ++........              (no amulet)
HPRegen 0.11/turn               (no ring)
MPRegen 0.11/turn               (no ring)

@: no status effects
A: AC +5, unfitting armour, cold-blooded
a: Renounce Religion, Wall Jump


You were on level 2 of the Dungeon.
You worshipped Wu Jian.
Wu Jian was pleased with you.
You visited 1 branch of the dungeon, and saw 3 of its levels.

You collected 47 gold pieces.

Inventory:

Hand Weapons
 a - a +0 short sword of speed (weapon)
Jewellery
 b - an amulet of the acrobat
 f - a ring of protection from cold
Wands
 i - a wand of flame (3)
Scrolls
 c - a scroll of identify {unknown}
 d - a scroll of blinking {unknown}
 e - 3 scrolls of fear {unknown}
 h - a scroll of vulnerability {unknown}
Potions
 g - a potion of mutation {unknown}


   Skills:
 + Level 0.1 Fighting
 + Level 0.3 Short Blades
 + Level 1.9 Dodging
 + Level 2.2 Stealth
 + Level 3.1 Spellcasting
 + Level 5.0 Conjurations


You had 3 spell levels left.
You knew the following spells:

 Your Spells              Type           Power      Damage    Failure   Level
a - Magic Dart            Conj           92%        1d7       1%          1
b - Searing Ray           Conj           46%        2d6       2%          2
c - Dazzling Flash        Conj/Hex       26%        N/A       16%         3

Your spell library contained the following spells:

 Spells                   Type           Power      Damage    Failure   Level
 Fulminant Prism          Conj/Hex       6%         3d7       45%         4
 Iskenderun's Mystic Bla  Conj/Tloc      13%        2d5       45%         4


Dungeon Overview and Level Annotations

Branches:
Dungeon (3/15)

Altars:
Wu Jian


Innate Abilities, Weirdness & Mutations

Your plain brown scales are hard. (AC +5)
You cannot fit into any form of body armour.
You are cold-blooded and may be slowed by cold attacks.


Message History

You closely miss something. Something hits you.
You barely miss something. Something hits you but does no damage.
You barely miss something. You closely miss something.
Your tail-slap misses something.
You punch something. Something hits you but does no damage.
Something hits you but does no damage.
There is a stone staircase leading up here.
You closely miss something. Something hits you but does no damage.
You barely miss something.
Your tail-slap misses something.
You miss something.
Your tail-slap misses something.
Something hits you.
You miss something. Something hits you.
You miss something. Something hits you but does no damage.
You barely miss something. You barely miss something.
Something hits you but does no damage.
You miss something. Something hits you.
You closely miss something. You barely miss something.
Something hits you but does no damage.
You closely miss something. Something hits you but does no damage.
You miss something. Something hits you.
You barely miss something. You miss something. Something hits you.
* * * LOW HITPOINT WARNING * * *
You can't go down here!
An orc wizard appears from thin air!
Reactivating autopickup.
The orc wizard hits you with a +0 dagger.
* * * LOW HITPOINT WARNING * * *
You climb upwards.
There is a stone staircase leading down here.
You spin and attack the orc wizard repeatedly.
You hit the orc wizard.
Your tail-slap misses the orc wizard.
The orc wizard is moderately wounded.
You closely miss the orc wizard.
The orc wizard is moderately wounded.
The orc wizard casts a spell at you. The magic dart hits you.
* * * LOW HITPOINT WARNING * * *
The orc wizard points at you and mumbles some strange words.
The magic dart hits you.
You die...

########
#######......#####
#########
#.....'......'....
#.......#
#.#####......#####
#.#####.# #.# ########
#.# #.# #@# #.#
#.###.# ####### #.#
#.#..o# #.....# #.#
#.#.#.######.###.#####
#.#
#...#>[........[......
#.#
###########.#.#.#.#.#.
#.# #............
###.#######
##.#.#.#.#.#.
#.........#
#............


You could see an orc wizard.

Vanquished Creatures
  A gnoll (D:1)
  3 adders (D:2)
  A worm (D:2)
  5 dart slugs
  2 orcs
  5 endoplasms
  6 giant cockroaches
  7 goblins
  4 hobgoblins
  3 kobolds (D:1)
  A quokka (D:2)
  5 ball pythons
  4 bats
  2 frilled lizards (D:1)
  6 rats
55 creatures vanquished.

Notes
Turn   | Place    | Note
-------+----------+-------------------------------------------
     0 | D:1      | themarg the Draconian Conjurer began the quest for the Orb.
     0 | D:1      | Reached XP level 1. HP: 14/14 MP: 3/3
   283 | D:1      | Reached XP level 2. HP: 20/20 MP: 0/5
   731 | D:1      | Found a faded altar of an unknown god.
   763 | D:1      | Prayed at the altar of an unknown god.
   763 | D:1      | Became a worshipper of the Wu Jian Council
   763 | D:1      | Reached * piety under Wu Jian
   778 | D:1      | Reached XP level 3. HP: 26/26 MP: 2/6
  1297 | D:1      | Learned a level 2 spell: Searing Ray
  1301 | D:1      | Learned a level 3 spell: Dazzling Flash
  1907 | D:2      | Reached XP level 4. HP: 33/33 MP: 3/8
  1959 | D:2      | Reached skill level 5 in Conjurations
  2817 | D:3      | Reached ** piety under Wu Jian
  3273 | D:2      | Killed from afar by an orc wizard

Illustrated notes

Levels and vault maps discovered:
D:1:      wander_arrival_fairy_ring, layout_basic,
          ebering_ecumenical_altar_webs, minivault_26
D:2:      layout_basic, st_stairs_12
D:3:      layout_loops_ring

Skill      XL: |  1  2  3  4 |
---------------+-------------+-----
Stealth        | 2 |  2.2
Conjurations   | 5 |  5.0
Spellcasting   | 3 |  3.1
Fighting       | |  0.1
Short Blades   | |  0.3
Dodging        | |  1.9

Action                   |  1- 3 |  4- 6 || total
-------------------------+-------+-------++-------
Melee: Unarmed           |     1 |       ||     1
       Short sword       |    24 |    61 ||    85
       Tailslap          |     5 |       ||     5
       Punch             |     1 |     1 ||     2
 Cast: Magic Dart        |    76 |    42 ||   118
       Searing Ray       |       |     2 ||     2
Invok: Whirlwind         |     1 |     1 ||     2
       Lunge             |     1 |       ||     1
Armor: Skin              |    10 |    28 ||    38
Dodge: Dodged            |    18 |    17 ||    35
